 Dungeon Crawl Stone Soup version 0.28.0-43-g3370ac3207 (webtiles) character file.

Game seed: 7394147080930809090

93 demenzo the Skirmisher (level 4, -2/50 HPs)
             Began as an Ogre Berserker on Mar 11, 2022.
             Was a Believer of Trog.
             Slain by an orc priest
             ... wielding a +1 trident of venom
              (5 damage)
             ... on level 3 of the Dungeon.
             The game lasted 00:02:31 (2181 turns).

demenzo the Skirmisher (Ogre Berserker)             Turns: 2181, Time: 00:02:31

Health: -2/50      AC:  3    Str: 23    XL:     4   Next: 62%
Magic:  4/4        EV: 10    Int:  8    God:    Trog [**....]
Gold:   141        SH:  0    Dex:  8    Spells: 3/3 levels left

rFire   . . .      SeeInvis .   a - +0 mace
rCold   . . .      Faith    .   (no shield)
rNeg    . . .      Spirit   .   b - +0 animal skin
rPois   .          Reflect  .   (helmet restricted)
rElec   .          Harm     .   (no cloak)
rCorr   .          Rampage  .   (gloves unavailable)
Will    .....                   (boots unavailable)
Stlth   +.........              (no amulet)
HPRegen 0.16/turn               (no ring)
MPRegen 0.09/turn               (no ring)

@: lethally poisoned (-2 -> -4), on berserk cooldown, slowed, very slow
A: large, unfitting armour, tough skin 1
a: Renounce Religion, Berserk, Trog's Hand


You were on level 3 of the Dungeon.
You worshipped Trog.
Trog was pleased with you.
You visited 1 branch of the dungeon, and saw 3 of its levels.

You collected 141 gold pieces.

Inventory:

Hand Weapons
 a - a +0 mace (weapon)
Missiles
 d - 52 stones (quivered)
 q - 25 sling bullets
Armour
 b - a +0 animal skin (worn)
Jewellery
 f - a ring of ice
 i - an amulet of faith
Scrolls
 c - 3 scrolls of amnesia {unknown}
 g - 2 scrolls of identify {unknown}
 k - a scroll of teleportation {unknown}
 n - a scroll of magic mapping {unknown}
 o - a scroll of silence {unknown}
 p - a scroll of fear {unknown}
 r - a scroll of immolation {unknown}
Potions
 e - a potion of magic {unknown}
 h - a potion of might {unknown}
 j - 2 potions of curing {unknown}
 l - 2 potions of brilliance {unknown}
 m - a potion of heal wounds {unknown}


   Skills:
 + Level 5.0 Fighting
 * Level 4.0 Maces & Flails
 - Level 3.0 Dodging


You had 3 spell levels left.
You didn't know any spells.
Your spell library was empty.

Dungeon Overview and Level Annotations

Branches:
Dungeon (3/15)

Altars:


Innate Abilities, Weirdness & Mutations

You are too large for most types of armour.
You have tough skin. (AC +1)


Message History

You closely miss something. You thump something!
The orc hits you with a +0 mace.
You hear some strange, mumbled words.
A puff of flame appears from out of thin air!
The puff of flame hits you.
You closely miss something. Your punch misses something.
The orc closely misses you. Something hits you.
You sock something! Trog accepts your kill.
Trog appreciates your killing of a magic user.
Reactivating autopickup.
You feel a bit more experienced. The orc hits you with a +0 mace!
Your Fighting skill increases to level 5!
Your Maces & Flails skill increases to level 4!
You closely miss the orc. You hit the orc.
The orc is heavily wounded.
The orc hits you with a +0 mace.
You sock the orc!
You kill the orc!
Trog accepts your kill.
You feel a strong urge to attack something.
You are no longer berserk.
You are exhausted.
You feel yourself slow down.
The orc priest hits you with a +1 trident of venom!
* * * LOW HITPOINT WARNING * * *
You are poisoned.
The orc priest hits you with a +1 trident of venom.
* * * LOW HITPOINT WARNING * * *
You hit the orc priest but do no damage.
* * * LOW HITPOINT WARNING * * *
You feel very sick. The orc priest closely misses you.
You barely miss the orc priest.
* * * LOW HITPOINT WARNING * * *
You feel sick.
The orc priest miscasts a cantrip.
The orc priest hits you with a +1 trident of venom.
You die...

...#... .#.#.#
{#... # o#.#
#.#####o..##.#
#...))#.#.....
####o#..##.#
## #o##.......
.. #@# #.###.#
#. #.# ## #.
#.# #.
#.##########
#.
#..........#
#.
##########.#
#. #.######.
#........
#########


You could see an orc priest and an orc.

Vanquished Creatures
  An orc wizard (D:3)
  An adder (D:3)
  2 orcs (D:3)
  6 ball pythons
  4 endoplasms
  3 giant cockroaches (D:1)
  5 goblins
  5 hobgoblins
  3 jackals (D:2)
  7 kobolds
  4 quokkas
  4 bats
  4 frilled lizards (D:1)
  4 rats
53 creatures vanquished.

Vanquished Creatures (others)
  2 fungi (D:1)
2 creatures vanquished.

Grand Total: 55 creatures vanquished

Notes
Turn   | Place    | Note
-------+----------+-------------------------------------------
     0 | D:1      | demenzo the Ogre Berserker began the quest for the Orb.
     0 | D:1      | Reached XP level 1. HP: 24/24 MP: 1/1
   120 | D:1      | Reached XP level 2. HP: 29/32 MP: 2/2
   158 | D:1      | Found a faded altar of an unknown god.
   853 | D:1      | Reached XP level 3. HP: 40/40 MP: 3/3
   921 | D:1      | Reached ** piety under Trog
  1875 | D:3      | Reached XP level 4. HP: 37/49 MP: 4/4
  2173 | D:3      | Reached skill level 5 in Fighting
  2181 | D:3      | Slain by an orc priest

Illustrated notes

Levels and vault maps discovered:
D:1:      minmay_arrival_four_circles, layout_basic,
          shapermc_ecumenical_altar_acropolis, minmay_indecisive_spiral
D:2:      layout_rooms, minmay_misc_feat_tower, minmay_ruptured
D:3:      layout_loops_ring, nicolae_concentric_dashed_squares_wild,
          grunt_ministairs_15, hangedman_decor_push

Skill      XL: |  1  2  3  4 |
---------------+-------------+-----
Maces & Flails | 3 4 |  4.0
Dodging        | 3 |  3.0
Fighting       | 5 |  5.0

Action                   |  1- 3 |  4- 6 || total
-------------------------+-------+-------++-------
Melee: Mace              |   109 |    33 ||   142
Invok: Berserk           |     2 |     1 ||     3
Armor: Animal skin       |    41 |     3 ||    44
Dodge: Dodged            |    73 |    10 ||    83
